 Dungeon Crawl Stone Soup version 0.30-a0-358-g0d69a1922f (webtiles) character file.

Game seed: 1001684681252762304

5693 funkygono the Arsonist (level 10, -12/72 HPs)
             Began as a Black Draconian Fire Elementalist on Nov 8, 2022.
             Mangled by a death yak (19 damage)
             ... on level 9 of the Dungeon.
             The game lasted 00:15:37 (9684 turns).

funkygono the Arsonist (DrFE)                       Turns: 9684, Time: 00:15:37

Health: -12/72     AC: 12    Str: 12    XL:     10   Next: 47%
Magic:  4/23       EV: 12    Int: 19    God:
Gold:   313        SH:  0    Dex: 11    Spells: 13/28 levels left

rFire   x . .      SeeInvis .    E - +5 flail
rCold   + . .      Faith    .    (no shield)
rNeg    . . .      Spirit   .    (body armour unavailable)
rPois   .          Reflect  .    (helmet restricted)
rElec   +          Harm     .    x - +2 cloak
rCorr   .          Rampage  .    z - +2 pair of gloves
Will    .....                    n - -2 pair of boots
Stlth   ++........               (no amulet)
HPRegen 0.32/turn                q - ring of ice
MPRegen 0.18/turn                (no ring)

@: very slightly contaminated
A: breathe lightning, AC +7, unfitting armour, electricity resistance,
cold-blooded
a: Breathe Lightning


You were on level 9 of the Dungeon.
You visited 2 branches of the dungeon, and saw 10 of its levels.

You collected 511 gold pieces.
You spent 198 gold pieces at shops.

Inventory:

Hand Weapons
 c - a +1 whip
 y - a +3 scimitar
 A - a +1 vampiric whip
 E - a +5 flail (weapon)
Armour
 n - a -2 pair of boots (worn)
 x - a +2 cloak (worn)
 z - a +2 pair of gloves (worn)
Magical Staves
 b - a staff of poison
Jewellery
 q - a ring of ice (left hand)
Wands
 f - a wand of charming (1)
 t - a wand of digging (9)
Scrolls
 d - a scroll of amnesia
 e - 2 scrolls of immolation
 j - a scroll of enchant armour
 m - a scroll of teleportation
 p - 4 scrolls of vulnerability
 s - 2 scrolls of butterflies
 B - a scroll of summoning
Potions
 a - a potion of magic
 g - a potion of brilliance
 h - 3 potions of flight
 i - 2 potions of lignification
 k - a potion of ambrosia {unknown}
 l - 2 potions of haste
 o - 3 potions of resistance
 r - 3 potions of attraction
 u - a potion of might {unknown}
 v - 2 potions of heal wounds


   Skills:
 + Level 1.5 Fighting
 + Level 1.0 Maces & Flails
 + Level 3.4 Dodging
 - Level 1.7 Stealth
 + Level 9.6 Spellcasting
 + Level 6.1 Conjurations
 + Level 9.9 Fire Magic
 * Level 1.8 Poison Magic


You had 13 spell levels left.
You knew the following spells:

 Your Spells              Type           Power      Damage    Failure   Level
a - Foxfire               Conj/Fire      100%       2x1d9     1%          1
b - Scorch                Fire           92%        2d9       1%          2
c - Kindle Blastsparks    Fire/Tloc/Air  42%        2d13      6%          3
d - Flame Wave            Conj/Fire      39%        2d11      2%          4
e - Magic Dart            Conj           100%       1d8       1%          1
f - Olgreb's Toxic Radia  Pois           16%        N/A       36%         4

Your spell library contained the following spells:

 Spells                   Type           Power      Damage    Failure   Level
 Inner Flame              Hex/Fire       28%        N/A       3%          3
 Sting                    Tmut/Pois      48%        1d5       5%          1
 Apportation              Tloc           18%        N/A       8%          1
 Mephitic Cloud           Conj/Pois/Air  19%        N/A       8%          3
 Poisonous Vapours        Pois/Air       24%        N/A       9%          2
 Call Imp                 Summ           9%         N/A       12%         2
 Summon Ice Beast         Ice/Summ       13%        N/A       61%         4
 Freezing Cloud           Conj/Ice/Air   12%        6-21      67%         5
 Alistair's Intoxication  Tmut/Pois      8%         N/A       83%         5
 Summon Mana Viper        Hex/Summ       9%         N/A       91%         5
 Simulacrum               Ice/Necr       6%         N/A       100%        6
 Monstrous Menagerie      Summ           4%         N/A       100%        7
 Polar Vortex             Ice            6%         N/A       100%        9


Dungeon Overview and Level Annotations

Branches:
Dungeon (9/15)             Temple (1/1) D:7            Lair (0/5) D:9
    Orc: D:9-12

Altars:
Ashenzari
Cheibriados
Dithmenos
Elyvilon
Fedhas
Gozag
Hepliaklqana
Kikubaaqudgha
Makhleb
Nemelex Xobeh
Okawaru
Ru
Sif Muna
Trog
Uskayaw
Wu Jian
Xom
Zin
The Shining One

Shops:
D:2 [!?   D:8 (

Annotations:
D:5 1 runed translucent door, Tenar's ghost, amateur BaEE


Innate Abilities, Weirdness & Mutations

You can breathe wild blasts of lightning.
Your glossy black scales are hard. (AC +7)
You cannot fit into any form of body armour.
You are resistant to electric shocks. (rElec)
You are cold-blooded and may be slowed by cold attacks.


Message History

The death yak is moderately wounded.
The flame wave engulfs the death yak!
The death yak is lightly wounded.
The flame wave engulfs the water moccasin!
You kill the water moccasin!
The flame wave engulfs the death yak!
The death yak is lightly wounded.
The death yak gores you but does no damage. x2
A wave of flame ripples out!
The flame wave engulfs the death yak!
The death yak is heavily wounded.
The flame wave engulfs the death yak.
The death yak is lightly wounded.
You feel a bit more experienced.
The flame wave engulfs the death yak!
The death yak is moderately wounded.
You finish channelling waves of flame.
The death yak gores you!
The death yak gores you but does no damage.
Casting: Flame Wave (dangerous; 2% risk of failure)
Confirm with . or Enter, or press ? or * to list all spells.
Casting: Flame Wave (dangerous; 2% risk of failure)
Press: ? - help, Dir - look around, f - activate A wave of flame ripples out!
The flame wave engulfs the death yak!
The death yak is severely wounded.
The flame wave engulfs the death yak!
The death yak is moderately wounded. (Press . to intensify the flame waves.)
You hear a howl! x2
The death yak gores you!! The death yak gores you.
* * * LOW HITPOINT WARNING * * *
A wave of flame ripples out!
The flame wave engulfs the death yak!
The death yak is severely wounded.
The flame wave engulfs the death yak but does no damage.
The death yak is moderately wounded.
You feel a bit more experienced.
The flame wave engulfs the hell rat!
You kill the hell rat!
The flame wave engulfs the death yak but does no damage.
The death yak is moderately wounded.
The death yak gores you!
* * * LOW HITPOINT WARNING * * *
The death yak gores you!!
You die...

#< ...###.#.####### #
#. #..# #.#.......#
##.#..#..# #########.#
S.....#..###########.#
#....................#
#.####.##############
#r†Y# ....Y†#Y#
......#@# ..#.. #Y# >
##r #.# h ..# .. ..#
...# .#.# ....#


You could see 3 death yaks.

Vanquished Creatures
  A two-headed ogre (D:8)
  2 trolls
  A shadow (D:9)
  3 water moccasins
  3 orc warriors
  An ice beast (D:7)
  4 ogres
  A sky beast (D:7)
  2 black bears
  3 centaurs
  2 phantoms (D:5)
  4 bullfrogs
  A necrophage (D:5)
  A scorpion (D:7)
  16 wights
  11 killer bees (D:8)
  An electric eel (D:8)
  A howler monkey (D:5)
  5 hounds
  2 jellies
  9 orc priests
  An iron imp (D:8)
  Ijyb (D:3)
  6 iguanas
  6 orc wizards
  2 hell rats (D:9)
  9 adders
  3 gnolls (D:4)
  3 river rats (D:9)
  2 shadow imps (D:6)
  An ufetubus (D:4)
  A dart slug (D:4)
  32 orcs
  5 ball pythons
  7 bats
  5 endoplasms
  7 giant cockroaches
  6 goblins
  7 hobgoblins
  2 jackals (D:2)
  2 quokkas
  10 frilled lizards
  9 kobolds
  10 rats
211 creatures vanquished.

Vanquished Creatures (collateral kills)
  4 foxfires
4 creatures vanquished.

Vanquished Creatures (others)
  539 foxfires
  5 fungi (D:4)
  3 plants (D:3)
547 creatures vanquished.

Grand Total: 762 creatures vanquished

Notes
Turn   | Place    | Note
-------+----------+-------------------------------------------
     0 | D:1      | funkygono the Draconian Fire Elementalist began the quest
                  | for the Orb.
     0 | D:1      | Reached XP level 1. HP: 14/14 MP: 3/3
   254 | D:1      | Reached XP level 2. HP: 20/20 MP: 0/5
   360 | D:1      | Learned a level 2 spell: Scorch
   670 | D:1      | Reached XP level 3. HP: 26/26 MP: 3/6
   676 | D:1      | Learned a level 3 spell: Kindle Blastsparks
  1099 | D:2      | Found Exaifeiph's Magic Scroll Shoppe.
  1163 | D:2      | Bought a scroll of identify for 26 gold pieces
  1497 | D:2      | Reached XP level 4. HP: 34/34 MP: 4/8
  1615 | D:2      | Found Alavetaz's Distillery.
  1645 | D:2      | Found Kaerorr's Antique Armour Boutique.
  2388 | D:3      | Found a white marble altar of Elyvilon.
  2831 | D:3      | Noticed Ijyb
  2839 | D:3      | Killed Ijyb
  2840 | D:3      | Reached XP level 5. HP: 36/39 MP: 0/10
  3264 | D:3      | Reached XP level 6. HP: 27/46 MP: 1/12
  3551 | D:4      | Found a sacrificial altar of Ru.
  3557 | D:4      | Reached skill level 5 in Fire Magic
  3677 | D:4      | Reached skill level 1 in Maces & Flails
  4016 | D:4      | Reached skill level 1 in Fighting
  4016 | D:4      | Your scales start taking on a glossy black colour.
  4016 | D:4      | Reached XP level 7. HP: 51/52 MP: 3/14
  4016 | D:4      | Gained mutation: You are resistant to electric shocks.
                  | (rElec) [Black Draconian growth]
  4463 | D:4      | Reached skill level 5 in Spellcasting
  4665 | D:5      | Entered Level 5 of the Dungeon
  5040 | D:5      | Reached XP level 8. HP: 59/59 MP: 7/16
  5443 | D:5      | Found a runed translucent door.
  5446 | D:5      | Noticed Tenar's ghost (amateur BaEE)
  5705 | D:2      | Bought an embroidered cloak for 172 gold pieces
  5841 | D:5      | Learned a level 4 spell: Flame Wave
  6580 | D:6      | Reached XP level 9. HP: 64/64 MP: 11/20
  7098 | D:7      | Noticed a troll
  7103 | D:7      | Killed a troll
  7104 | D:7      | Reached skill level 5 in Conjurations
  7185 | D:7      | Found the +18 Lear's hauberk
  7243 | D:7      | Found a staircase to the Ecumenical Temple.
  7263 | Temple   | Entered the Ecumenical Temple
  8544 | D:8      | Found a hide-covered altar of Uskayaw.
  8544 | D:8      | Found a blossoming altar of Fedhas.
  8545 | D:8      | Found a hazy altar of Hepliaklqana.
  8698 | D:8      | Found Gecvash's Antique Weapon Boutique.
  8703 | D:8      | Reached XP level 10. HP: 63/71 MP: 16/22
  8725 | D:8      | Noticed a two-headed ogre
  8734 | D:8      | Killed a two-headed ogre
  8832 | D:8      | Found a glowing silver altar of Zin.
  8901 | D:8      | Learned a level 1 spell: Magic Dart
  9009 | D:8      | Found a snail-covered altar of Cheibriados.
  9272 | D:8      | Learned a level 4 spell: Olgreb's Toxic Radiance
  9313 | D:9      | Reached skill level 1 in Poison Magic
  9669 | D:9      | Found a staircase to the Lair.
  9669 | D:9      | Noticed a death yak
  9669 | D:9      | Noticed a death yak
  9669 | D:9      | Noticed a death yak
  9684 | D:9      | Mangled by a death yak

Illustrated notes

Levels and vault maps discovered:
D:1:      nzn_arrival_water_spiral, layout_loops_ring, st_stairs_1,
          minmay_lizard_pond
D:2:      layout_rooms, serial_shops, shop_statue, nicolae_shop_stone, shop,
          chequers_serial_rivers_micro_b, grunt_decor_mini_mirrors,
          nrook_campfire, dreamdust_princess_bridge, minmay_misc_feat_iff,
          minmay_misc_feat_ornament, grunt_decor_cap
D:3:      layout_loops_ring, nicolae_elyvilon_temple_path, serial_forest,
          infiniplex_forest_clump_curved, infiniplex_forest_clump_tiny,
          infiniplex_forest_clump_C, infiniplex_forest_clump_tiny,
          infiniplex_forest_lined_3, infiniplex_forest_clump_tiny,
          infiniplex_forest_straight_4, infiniplex_forest_clump_small,
          infiniplex_forest_lined_room_2, uniq_ijyb
D:4:      layout_gridville, hangedman_ru_absence, dreamdust_gnoll_farm
D:5:      layout_cave_pools, ebering_ghost_reflecting_pool, st_stairs_4
D:6:      layout_rooms
D:7:      layout_loops_ring, temple_pool_b, minmay_misc_feat_rows,
          hangedman_decor_points, hellmonk_guarded_unrand_lears
D:8:      layout_loops_ring, slow_altar_1, zin_statuary,
          gammafunk_temple_overflow_claw, serial_shops, nicolae_lakefront_shop,
          minmay_orc_keep
D:9:      layout_basic, dpeg_lair_monsters
Temple:   nicolae_temple_godzebo

Skill      XL: |  1  2  3  4  5  6  7  8  9 10 |
---------------+-------------------------------+-----
Fire Magic     | 4 5 6 7 9 |  9.9
Spellcasting   | 3 4 5 7 8 9 |  9.6
Dodging        | 2 3 |  3.4
Conjurations   | 2 3 4 5 6 |  6.1
Maces & Flails | 1 |  1.0
Fighting       | 1 |  1.5
Poison Magic   | 1 |  1.8
Stealth        | |  1.7

Action                   |  1- 3 |  4- 6 |  7- 9 | 10-12 || total
-------------------------+-------+-------+-------+-------++-------
Melee: Whip              |    27 |     9 |    18 |     4 ||    58
       Tailslap          |     4 |       |     1 |     1 ||     6
       Flail             |       |       |       |     2 ||     2
 Cast: Foxfire           |    61 |    81 |   158 |    12 ||   312
       Scorch            |     4 |    25 |    52 |     6 ||    87
       Flame Wave        |       |       |     8 |    10 ||    18
       Magic Dart        |       |       |       |     5 ||     5
       Kindle Blastspark |       |       |       |     1 ||     1
  Use: Scroll            |       |     5 |    11 |     6 ||    22
       Potion            |       |     2 |       |     1 ||     3
Armor: Skin              |    17 |    21 |    22 |    12 ||    72
Dodge: Dodged            |    35 |    48 |    56 |    31 ||   170

Table legend: (Time is in decaauts)
 A = Elapsed time spent in this place.
 B = Non-inter-level travel time spent in this place.
 C = Inter-level travel time spent in this place.
 D = Time resting spent in this place.
 E = Time spent auto-exploring this place.
 F = Levels seen in this place.
 G = Mean time per level.
                   A        B        C        D        E       F      G
               +--------+--------+--------+--------+--------+-----+--------+
         Total |   9698 |   9385 |    313 |    330 |   7807 |  10 |  969.8 |
       Dungeon |   9577 |   9267 |    310 |    330 |   7697 |   9 | 1064.1 |
        Temple |    120 |    118 |      2 |      0 |    110 |   1 |  120.0 |
               +--------+--------+--------+--------+--------+-----+--------+

Top non-repeatable levels by time:
     D:4: 1605 daAuts
     D:8: 1470 daAuts
     D:3: 1302 daAuts
     D:1: 1100 daAuts
     D:7: 1055 daAuts
     D:5: 993 daAuts
     D:2: 917 daAuts
     D:6: 916 daAuts
     D:9: 216 daAuts
  Temple: 120 daAuts
